 Dungeon Crawl Stone Soup version 0.31-a0-182-gc5ef74bbde (webtiles) character file.

Game seed: 12479731279969816245

242 ketsa the Insei (level 5, -1/32 HPs)
             Began as a Vampire Gladiator on June 20, 2023.
             Was a Believer of Lugonu.
             Slain by a gnoll bouda
             ... wielding a +0 rapier
              (6 damage)
             ... on level 4 of the Dungeon.
             The game lasted 00:10:53 (3311 turns).

ketsa the Insei (Vampire Gladiator)                 Turns: 3311, Time: 00:10:53

Health: -1/32      AC:  5    Str: 13    XL:     5   Next: 82%
Magic:  6/6        EV: 13    Int: 11    God:    Lugonu [**....]
Gold:   268        SH:  0    Dex: 17    Spells: 4/4 levels left

rFire   . .          .
                       - Unarmed
rCold   + + .        (no shield)
rNeg    + + +        a - +0 leather armour
rPois   ∞            b - +0 helmet
rElec   .            p - +0 cloak
rCorr   .            (no gloves)
SInv    +            (no boots)
Will    .....        f - amulet of regeneration
Stlth   +++          (no ring)
HPRegen 0.00/turn    (no ring)
MPRegen 0.10/turn

%: no passive effects
@: bloodless, inhibited regen
A: bloodless, fangs 3, see invisible, vampiric 2
a: Bat Form, Revivify, Renounce Religion, Depart the Abyss, Banish


You were on level 4 of the Dungeon.
You worshipped Lugonu.
Lugonu was pleased with you.
You visited 2 branches of the dungeon, and saw 6 of its levels.

You collected 268 gold pieces.

Inventory:

Missiles
 d - a javelin
 g - 43 stones
 h - 3 poisoned darts
Armour
 a - a +0 leather armour (worn)
 b - a +0 helmet (worn)
 i - a +0 ring mail
 l - a +0 scale mail
 p - a +0 cloak (worn)
 s - a +0 chain mail
Magical Staves
 j - a staff of fire
 o - a staff of conjuration
Jewellery
 f - an amulet of regeneration (around neck)
Scrolls
 m - a scroll of teleportation
 n - a scroll of amnesia {unknown}
 q - a scroll of poison {unknown}
 r - a scroll of immolation {unknown}
Potions
 k - 2 potions of enlightenment
 t - a potion of resistance
 u - a potion of heal wounds
 v - a potion of haste {unknown}


   Skills:
 + Level 2.8 Fighting
 - Level 1.5 Throwing
 + Level 4.2 Dodging
 * Level 5.1 Unarmed Combat
 - Level 1.8 Air Magic
 + Level 1.4 Invocations


You had 4 spell levels left.
You didn't know any spells.
Your spell library contained the following spells:

 Spells                   Type           Power      Damage    Failure   Level
 Shock                    Conj/Air       8%         1d3       30%         1
 Swiftness                Air            4%         N/A       54%         3
 Airstrike                Air            2%         2d(1-17)  91%         4


Dungeon Overview and Level Annotations

Branches:
Dungeon (5/15)             Temple (1/1) D:4

Altars:
Cheibriados
Fedhas
Gozag
Hepliaklqana
Kikubaaqudgha
Makhleb
Nemelex Xobeh
Okawaru
Qazlal
Ru
Sif Muna
Trog
Uskayaw
Vehumet
Xom
Yredelemnul
Lugonu


Innate Abilities, Weirdness & Mutations

You do not regenerate when monsters are visible.
You are frail without blood (-20% HP).
You can heal yourself when you bite living creatures.
You are immune to poison.
You have razor-sharp teeth.
You have supernaturally acute eyesight. (SInv)
You are afflicted with vampirism and can become a bat while bloodless.


Message History

The gnoll bouda barely misses you.
You hit the gnoll bouda.
The gnoll bouda is moderately wounded.
The gnoll bouda closely misses you.
You closely miss the gnoll bouda.
You punch the gnoll bouda, but do no damage.
The gnoll bouda is moderately wounded.
The gnoll bouda hits you with a +0 rapier.
You closely miss the gnoll bouda.
The gnoll bouda is moderately wounded.
The gnoll bouda closely misses you.
You hit the gnoll bouda but do no damage.
The gnoll bouda is moderately wounded.
You hit the gnoll bouda but do no damage.
You bite the gnoll bouda.
You draw the gnoll bouda's blood!
You feel better.
The gnoll bouda is heavily wounded.
Your attacks no longer feel as feeble.
The gnoll bouda barely misses you.
You hit the gnoll bouda.
The gnoll bouda is heavily wounded.
The gnoll bouda gazes fiercely through you!
You feel your attacks grow feeble.
The gnoll bouda hits you with a +0 rapier!
You hit the gnoll bouda but do no damage.
You bite the gnoll bouda.
You draw the gnoll bouda's blood!
You feel better.
The gnoll bouda is severely wounded.
The gnoll bouda misses you.
You barely miss the gnoll bouda.
The gnoll bouda is severely wounded.
The gnoll bouda misses you.
You closely miss the gnoll bouda.
The gnoll bouda is severely wounded.
The gnoll bouda hits you with a +0 rapier!
* * * LOW HITPOINT WARNING * * *
You hit the gnoll bouda but do no damage.
You bite the gnoll bouda, but do no damage.
The gnoll bouda is severely wounded.
Your attacks no longer feel as feeble.
The gnoll bouda hits you with a +0 rapier.
You die...

.#......###.............# ##...
.#..........#....##...#.#####....
...####.#...#######.#.#.##.......
#### ##.###...........#.##.......
...# #....#.#####.#####.##.......
...# #....#..####.# #..........##
...# #..[.##...#..# ######....###
...# #....####.#g## #....... ####
#....# #..@# #.....## #
#....######.# #####.#. #
#.........#.# #.#. #
#######.###.#############.#.
#....................<#.
#.#.#.#.#############.#.
#.#.#.#.# #...
#.#.#.#.################
#.#.#[#.......†.........


You could see a gnoll bouda.

Vanquished Creatures
  2 hounds (D:4)
  Crazy Yiuf (D:4)
  An iguana (D:4)
  A gnoll (D:5)
  5 adders
  4 worms
  An orc (D:3)
  3 bats
  6 endoplasms
  5 giant cockroaches
  5 goblins (D:1)
  5 hobgoblins
  7 kobolds
  4 quokkas
  5 ball pythons
  3 frilled lizards (D:2)
  4 rats
62 creatures vanquished.

Notes
Turn   | Place    | Note
-------+----------+-------------------------------------------
     0 | D:1      | ketsa the Vampire Gladiator began the quest for the Orb.
     0 | D:1      | Reached XP level 1. HP: 16/16 MP: 1/1
     1 | D:1      | Noticed an electric eel
   112 | D:1      | Reached XP level 2. HP: 19/22 MP: 2/2
   362 | D:1      | Reached skill level 1 in Air Magic
   469 | D:1      | Gained mutation: You are afflicted with vampirism and can
                  | become a bat while bloodless. [Vampire growth]
   469 | D:1      | Reached XP level 3. HP: 27/27 MP: 3/3
   670 | D:2      | Found a faded altar of an unknown god.
   676 | D:2      | Prayed at the altar of an unknown god.
   676 | D:2      | Became a worshipper of Lugonu the Unformed
   676 | D:2      | Reached * piety under Lugonu
   688 | D:2      | Reached skill level 4 in Unarmed Combat
   988 | D:2      | You fall into a shaft and drop 2 floors!
  1083 | D:4      | Found a staircase to the Ecumenical Temple.
  1108 | Temple   | Entered the Ecumenical Temple
  1359 | D:4      | Reached XP level 4. HP: 9/27 MP: 4/4
  1442 | D:4      | Noticed a phantom
  1500 | D:5      | Entered Level 5 of the Dungeon
  2019 | D:3      | Found an opulent altar of Gozag.
  2080 | D:3      | Reached ** piety under Lugonu
  2459 | D:4      | Reached skill level 1 in Invocations
  2459 | D:4      | Reached XP level 5. HP: 26/31 MP: 5/5
  2752 | D:4      | Found a runed translucent door.
  2753 | D:4      | Noticed Crazy Yiuf
  2765 | D:4      | Killed Crazy Yiuf
  2766 | D:4      | Reached skill level 5 in Unarmed Combat
  3049 | D:5      | Noticed a lemure
  3261 | D:5      | HP: 1/31 [gnoll/+0 whip[a gnoll bouda] (3)]
  3311 | D:4      | Slain by a gnoll bouda

Illustrated notes

Levels and vault maps discovered:
D:1:      arrival_aquarium_a, layout_rooms, st_stairs_2
D:2:      layout_loops_ring, shapermc_ecumenical_altar_mp_vishouse
D:3:      layout_basic, nicolae_gozag_cash_rules_everything_around_me
D:4:      layout_basic, minmay_temple_entry_tees, uniq_crazy_yiuf_cottage
D:5:      layout_loops_corners, lemuel_crystal_altar, minmay_misc_feat_enclosed,
          uniq_pikel, uniq_sigmund
Temple:   nicolae_temple_two_arcs

Skill      XL: |  1  2  3  4  5 |
---------------+----------------+-----
Fighting       | 2 |  2.8
Air Magic      | 1 |  1.8
Unarmed Combat | 4 5 |  5.1
Dodging        | 4 |  4.2
Invocations    | 1 |  1.4
Throwing       | |  1.5

Action                     |  1- 3 |  4- 6 || total
---------------------------+-------+-------++-------
  Melee: Unarmed           |   143 |   148 ||   291
         Bite              |    14 |    14 ||    28
         Punch             |     4 |     4 ||     8
  Throw: Throwing net      |     2 |     4 ||     6
Ability: Exsanguinate      |     1 |       ||     1
    Use: Scroll            |     2 |     3 ||     5
         Potion            |       |     2 ||     2
   Stab: Sleeping          |     1 |     7 ||     8
         Held in net/web   |     1 |     2 ||     3
         Distracted        |       |     2 ||     2
 Armour: Leather armour    |    36 |    17 ||    53
  Dodge: Dodged            |    78 |    81 ||   159

Table legend: (Time is in decaauts)
 A = Elapsed time spent in this place.
 B = Non-inter-level travel time spent in this place.
 C = Inter-level travel time spent in this place.
 D = Time resting spent in this place.
 E = Time spent auto-exploring this place.
 F = Levels seen in this place.
 G = Mean time per level.
                   A        B        C        D        E       F      G
               +--------+--------+--------+--------+--------+-----+--------+
         Total |   3290 |   3125 |    165 |    170 |   1762 |   6 |  548.3 |
       Dungeon |   3168 |   3003 |    165 |    170 |   1656 |   5 |  633.6 |
        Temple |    121 |    121 |      0 |      0 |    106 |   1 |  121.0 |
               +--------+--------+--------+--------+--------+-----+--------+

Top non-repeatable levels by time:
     D:4: 1180 daAuts
     D:2: 715 daAuts
     D:1: 625 daAuts
     D:3: 440 daAuts
     D:5: 206 daAuts
  Temple: 121 daAuts
